 Dungeon Crawl Stone Soup version 0.17.2-1-ge4368a0 (webtiles) character file.

2116 Goblin1989 the Grappler (level 9, -2/68 HPs)
             Began as a Demonspawn Monk on Oct 19, 2016.
             Was an Initiate of Gozag.
             Slain by an orc warrior
             ... wielding a +0 war axe
              (3 damage)
             ... on level 8 of the Dungeon.
             The game lasted 00:21:40 (8097 turns).

Goblin1989 the Grappler (Demonspawn Monk)           Turns: 8097, Time: 00:21:41

Health: -2/68      AC:  8    Str: 16    XL:     9   Next: 8%
Magic:  9/9        EV:  8    Int: 11    God:    Gozag
Gold:   371        SH:  0    Dex: 15    Spells: 0 memorised, 8 levels left

rFire  . . .     SeeInvis +       - Unarmed
rCold  + . .     Clarity  .     q - +0 chain mail
rNeg   + . .     SustAt   .     (no shield)
rPois  .         Gourm    .     (helmet restricted)
rElec  .         Spirit   .     (no cloak)
rCorr  .         Warding  +     (no gloves)
rMut   .         Stasis   .     (no boots)
MR     .....                    m - amulet of warding
Stlth  ..........               s - ring of see invisible
                                c - ring of protection from cold

@: not resistant to hostile enchantments, extremely unstealthy
A: claws 2, horns 2, talons 1, demonic guardian 2, rot immunity
a: Potion Petition, Call Merchant, Bribe Branch, Renounce Religion


You were on level 8 of the Dungeon.
You worshipped Gozag.
Gozag was noncommittal.
You were not hungry.

You visited 2 branches of the dungeon, and saw 9 of its levels.

You collected 905 gold pieces.
You spent 534 gold pieces at shops.

Inventory:

Hand Weapons
 k - the +1 dagger "Zaufoov" {pierce, Int+7}
   (You found it on level 6 of the Dungeon)

   It inflicts extra damage upon your enemies.
   It affects your intelligence (+7).
Armour
 q - a +0 chain mail (worn)
Jewellery
 c - a ring of protection from cold (left claw)
 m - an amulet of warding (around neck)
 r - an uncursed amulet of rage
 s - a ring of see invisible (right claw)
Wands
 p - a wand of cold (9)
 y - a wand of digging (19)
Scrolls
 d - 2 scrolls of enchant armour
 e - a scroll of random uselessness {unknown}
 h - 3 scrolls of immolation {!r}
 i - 2 scrolls of recharging
 j - 2 scrolls of amnesia
 n - 2 scrolls of teleportation {!r, @r4}
 u - a scroll of remove curse {@r2}
 B - a scroll of blinking
 C - a scroll of noise {!r}
 D - a scroll of summoning
 M - a scroll of magic mapping
Potions
 g - 5 potions of curing {@q1}
 l - 4 potions of agility
 o - a potion of might
 t - a potion of resistance
 v - a potion of flight
 A - a potion of ambrosia {!q}
Books
 w - an Akashic Record

   Spells                             Type                      Level
   a - Dispersal                      Translocation                6
   b - Malign Gateway                 Summoning/Translocation      7
   c - Disjunction                    Translocation                8
   d - Controlled Blink               Translocation                8
Comestibles
 a - 3 beef jerkies
 b - 6 bread rations {@e1}
 x - 3 fruits


   Skills:
 + Level 5.3 Fighting
 * Level 4.1 Short Blades
 - Level 2.4 Armour
 + Level 3.8 Dodging
 - Level 1.7 Stealth
 - Level 9.1 Unarmed Combat


You had 8 spell levels left.
You didn't know any spells.

Dungeon Overview and Level Annotations

Branches:
Dungeon (8/15)             Temple (1/1) D:4
   Lair: D:8-11

Altars:
Ashenzari
Cheibriados
Elyvilon
Gozag
Kikubaaqudgha
Makhleb
Okawaru
Sif Muna
Trog
Vehumet
Yredelemnul

Shops:
D:8 (?


Innate Abilities, Weirdness & Mutations

You have very sharp fingernails.
You have a pair of horns on your head.
You have sharp toenails.
A demonic guardian rushes to your aid.
You are immune to rotting.


Message History

The orc warrior is heavily wounded.
The orc barely misses you.
The orc warrior hits you with a war axe.
You take 2 damage, and have 24/68 hp.
Your chain mail prevents you from hitting the orc warrior.
Your kick misses the orc warrior.
The orc warrior is heavily wounded.
You scratch the orc warrior.
The orc warrior is severely wounded.
The orc hits you with a morningstar of holy wrath.
* * * LOW HITPOINT WARNING * * *
You convulse.
* * * LOW HITPOINT WARNING * * *
The orc warrior hits you with a war axe!
* * * LOW HITPOINT WARNING * * *
You take 23 damage, and have 1/68 hp.
MASSIVE DAMAGE!!
You need at least 400 gold to purchase potions right now!
The orc warrior hits you with a war axe.
You die...
Your body crumbles into a pile of gold.

█..██
█.█████
█...█ █.█ .
██..█ █.█
..███..██
█.█
.........█
████.█
.........█
█....█
.........█
█.█.███
"..████..██
█.█...█ ...
███@.██
█)█.█)█ ..
█..oo.█
█...█.█ █
█∆██$███


█████<█ █ ██∩█....█ ███ █ █████.o..█ █ █...$..^..███████ █ ████
█.█..██.█)).$...█ █≈≈≈.. █.█...█.█...$██.█ ≈≈≈≈≈. █ ███.█.█.<..█ You could see
an orc warrior, an orc priest and an orc.

Vanquished Creatures
  A water moccasin (D:6)
  A black bear (D:5)
  An ogre (D:7)
  A sky beast (D:7)
  2 phantoms
  A giant frog (D:7)
  A killer bee (D:8)
  7 wights
  A giant frog zombie (D:5)
  6 hounds
  3 orc wizards
  A gnoll shaman (D:4)
  3 crimson imps
  A centaur skeleton (D:5)
  A giant frog skeleton (D:5)
  An iguana (D:7)
  9 worker ants
  A killer bee zombie (D:5)
  A hound skeleton (D:6)
  Robin (D:4)
  10 adders
  3 gnolls (D:4)
  3 oozes
  2 worms
  An adder skeleton (D:4)
  6 giant geckos
  15 orcs
  3 ball pythons
  13 goblins
  11 hobgoblins
  4 jackals
  7 kobolds
  4 quokkas
  5 bats
  5 giant cockroaches
  3 giant newts
  12 rats
151 creatures vanquished.

Vanquished Creatures (collateral kills)
  Edmund (D:6)
  A centaur (D:6)
  A wight (D:7)
  A hound (D:6)
  A giant cockroach (D:7)
  A goblin (D:4)
6 creatures vanquished.

Grand Total: 157 creatures vanquished

Notes
Turn   | Place    | Note
--------------------------------------------------------------
     0 | D:1      | Goblin1989 the Demonspawn Monk began the quest for the Orb.
     0 | D:1      | Reached XP level 1. HP: 18/18 MP: 1/1
   388 | D:1      | Reached skill level 4 in Unarmed Combat
   392 | D:1      | Gained mutation: You are immune to rotting. [demonic ancestry]
   392 | D:1      | Reached XP level 2. HP: 8/24 MP: 2/2
  1018 | D:2      | Gained mutation: You have sharp toenails. [demonic ancestry]
  1018 | D:2      | Reached XP level 3. HP: 9/29 MP: 3/3
  1565 | D:2      | Found a white marble altar of Elyvilon.
  1777 | D:2      | Reached skill level 5 in Unarmed Combat
  1944 | D:2      | Gained mutation: A weak demonic guardian rushes to your aid. [demonic ancestry]
  1944 | D:2      | Reached XP level 4. HP: 22/35 MP: 4/4
  3299 | D:3      | Gained mutation: You have sharp fingernails. [demonic ancestry]
  3299 | D:3      | Reached XP level 5. HP: 36/41 MP: 5/5
  3384 | D:3      | Found a radiant altar of Vehumet.
  3761 | D:4      | Reached skill level 6 in Unarmed Combat
  3828 | D:4      | Found a staircase to the Ecumenical Temple.
  3852 | Temple   | Entered the Ecumenical Temple
  3884 | Temple   | Became a worshipper of Gozag Ym Sagoz the Greedy
  3950 | D:4      | Noticed Robin
  3958 | D:4      | Killed Robin
  3971 | D:4      | Gained mutation: You have a pair of small horns on your head. [demonic ancestry]
  3971 | D:4      | Reached XP level 6. HP: 47/47 MP: 6/6
  4000 | D:4      | HP: 2/47 [gnoll (6)]
  4008 | D:4      | HP: 1/47 [goblin[Robin] (3)]
  4147 | D:4      | Got a jewelled spear {pierce}
  4217 | D:4      | Reached skill level 7 in Unarmed Combat
  4243 | D:4      | Found a snail-covered altar of Cheibriados.
  4365 | D:4      | Found a bloodstained altar of Trog.
  4400 | D:4      | Found a deep blue altar of Sif Muna.
  4422 | D:4      | Identified the +6 spear of Indomitability {pierce, rPois} (You took it off a goblin on level 4 of the Dungeon)
  4673 | D:4      | Noticed a phantom
  4691 | D:4      | Killed a phantom
  4691 | D:4      | Gained mutation: You have very sharp fingernails. [demonic ancestry]
  4691 | D:4      | Reached XP level 7. HP: 30/52 MP: 7/7
  4945 | D:5      | Entered Level 5 of the Dungeon
  4968 | D:5      | Found an iron altar of Okawaru.
  5001 | D:5      | Reached skill level 8 in Unarmed Combat
  5280 | D:5      | Found an ancient bone altar of Kikubaaqudgha.
  5375 | D:5      | Reached skill level 1 in Armour
  6093 | D:6      | Gained mutation: A demonic guardian rushes to your aid. [demonic ancestry]
  6093 | D:6      | Reached XP level 8. HP: 38/60 MP: 8/8
  6443 | D:6      | Noticed Edmund
  6443 | D:6      | Reached skill level 9 in Unarmed Combat
  6449 | D:6      | Killed Edmund
  6540 | D:6      | Got a brightly glowing dagger
  6541 | D:6      | Identified the +1 dagger "Zaufoov" {pierce, Int+7} (You found it on level 6 of the Dungeon)
  6841 | D:7      | Reached skill level 1 in Short Blades
  6866 | D:7      | Found a shattered altar of Ashenzari.
  7254 | D:8      | Found Zinor's Antique Weapon Shoppe.
  7665 | D:7      | Reached skill level 5 in Fighting
  7954 | D:8      | Gained mutation: You have a pair of horns on your head. [demonic ancestry]
  7954 | D:8      | Reached XP level 9. HP: 55/68 MP: 9/9
  8041 | D:8      | Found Nibe's Magic Scroll Emporium.
  8074 | D:8      | Bought a scroll of identify for 24 gold pieces
  8074 | D:8      | Bought a scroll of identify for 24 gold pieces
  8074 | D:8      | Bought a scroll of teleportation for 36 gold pieces
  8074 | D:8      | Bought a scroll of noise for 12 gold pieces
  8074 | D:8      | Bought a scroll of amnesia for 42 gold pieces
  8074 | D:8      | Bought a scroll of summoning for 114 gold pieces
  8074 | D:8      | Bought a scroll of brand weapon for 240 gold pieces
  8074 | D:8      | Bought a scroll of magic mapping for 42 gold pieces
  8096 | D:8      | HP: 1/68 [orc warrior/war axe (16)]
  8097 | D:8      | Slain by an orc warrior

Action                   |  1- 3 |  4- 6 |  7- 9 || total
-------------------------+-------+-------+-------++-------
Melee: Unarmed           |   149 |   214 |   226 ||   589
       Spear             |       |       |     5 ||     5
Invok: Potion Petition   |       |     1 |       ||     1
  Use: Potion            |       |     3 |       ||     3
       Scroll            |       |     9 |     7 ||    16
 Stab: Sleeping          |     1 |       |       ||     1
       Distracted        |       |       |     1 ||     1
  Eat: Chunk             |     3 |     7 |       ||    10
       Royal jelly       |       |     1 |       ||     1
       Bread ration      |       |       |     1 ||     1
       Meat ration       |       |       |     2 ||     2

Vault maps used:
D:1:      dpeg_arrival_three_bigger_balls
D:2:      nicolae_overflow_crystal_walls, columned_hall_lemuel
D:3:      vehumet_altar_wand_db
D:4:      kennysheep_little_box, lemuel_blue_sif_altar, cheibriados_altar_1,
          minmay_temple_entry_hall, first_bread, uniq_robin
D:5:      okawaru_gym_becter, marbit_many_paths, minmay_tree_intersection,
          grunt_decor_mini_mirrors, kennysheep_generic_room_9
D:6:      uniq_edmund
D:7:      ashenzari_conservatory_becter
D:8:      overflow_temple_1_default, serial_shops, nicolae_shop_window_shopping,
          nicolae_shop_waterfront, kennysheep_mini_moat, shop, david_nohive_1
Temple:   roderic_octagonal_lattice_temple
